 Dungeon Crawl Stone Soup version 0.27.1-34-g3ba077fa99 (webtiles) character file.

Game seed: 7994521150118820052

184 mcbry74 the Ruffian (level 5, -3/48 HPs)
             Began as a Troll Gladiator on Jan 22, 2022.
             Was a Believer of Sif Muna.
             Engulfed by a cloud of flame (26 damage)
             ... on level 3 of the Dungeon.
             The game lasted 00:08:22 (1560 turns).

mcbry74 the Ruffian (Troll Gladiator)               Turns: 1560, Time: 00:08:22

Health: -3/48      AC:  6    Str: 22    XL:     5   Next: 36%
Magic:  4/4        EV: 10    Int:  5    God:    Sif Muna [**....]
Gold:   90         SH:  0    Dex: 11    Spells: 4/4 levels left

rFire    . . .     SeeInvis .     - Unarmed
rCold    + . .     Faith    .   (no shield)
rNeg     . . .     Spirit   .   a - +0 robe
rPois    .         Reflect  .   b - +0 hat
rElec    .         Harm     .   p - +1 cloak
rCorr    .         Rampage  .   (gloves unavailable)
Will     .....                  (boots unavailable)
Stlth    +.........             (no amulet)
HPRegen  1.16/turn              i - ring of flight
MPRegen  0.09/turn              k - ring of protection from cold

@: flying
A: large, unfitting armour, claws 3, regeneration 1, shaggy fur 1, tough skin 1
a: Renounce Religion, Channel Magic


You were on level 3 of the Dungeon.
You worshipped Sif Muna.
Sif Muna was pleased with you.
You visited 1 branch of the dungeon, and saw 3 of its levels.

You collected 90 gold pieces.

Inventory:

Hand Weapons
 h - a +0 hunting sling
 o - a +2 quarterstaff of chaos
Missiles
 c - 3 throwing nets (quivered)
 g - 13 poisoned darts
Armour
 a - a +0 robe (worn)
 b - a +0 hat (worn)
 p - a +1 cloak (worn)
Jewellery
 f - a ring of wizardry
 i - a ring of flight (left claw)
 k - a ring of protection from cold (right claw)
Scrolls
 d - a scroll of noise {unknown}
 e - a scroll of teleportation {unknown}
 j - a scroll of identify {unknown}
 l - a scroll of enchant armour {unknown}
 n - a scroll of blinking {unknown}
 q - a scroll of amnesia {unknown}
Potions
 m - a potion of degeneration {unknown}
 r - a potion of cancellation {unknown}


   Skills:
 - Level 1.5 Fighting
 - Level 1.7 Throwing
 - Level 2.4 Dodging
 + Level 6.1 Unarmed Combat


You had 4 spell levels left.
You didn't know any spells.
Your spell library contained the following spells:

 Spells                   Type           Power      Damage    Failure   Level
 Animate Dead             Necr           0%         N/A       99%         4
 Borgnjor's Vile Clutch   Necr/Erth      0%         N/A       100%        5
 Death Channel            Necr           0%         N/A       100%        6


Dungeon Overview and Level Annotations

Branches:
Dungeon (3/15)

Altars:
Nemelex Xobeh
Sif Muna

Shops:
D:1 !   D:2 =


Innate Abilities, Weirdness & Mutations

You are too large for most types of armour.
You have claws for hands.
Your natural rate of healing is unusually fast.
You are covered in fur. (AC +1)
You have tough skin. (AC +1)


Message History

Sif Muna accepts your kill.
Found a stone staircase leading down.
You see here a +0 hunting sling.
You reach down and open the door.
A gnoll comes into view. It is wielding a +0 club.
A gnoll comes into view. It is wielding a +0 spear.
The gnoll shouts!
There is an open door here.
A gnoll comes into view. It is wielding a +0 spear.
You claw the gnoll!
You kill the gnoll!
Sif Muna accepts your kill.
Your Unarmed Combat skill increases to level 6!
The gnoll hits you with a +0 spear.
You see here a +0 club.
You claw the gnoll!
The gnoll is almost dead.
The gnoll hits you with a +0 spear.
The gnoll hits you from afar with a +0 spear.
You claw the gnoll!
You kill the gnoll!
Sif Muna accepts your kill.
The gnoll hits you from afar with a +0 spear.
The gnoll closely misses you.
You see here a +0 spear.
You claw the gnoll!
You kill the gnoll!
Sif Muna accepts your kill.
You see here a +0 spear.
HP restored.
Found four items.
Really fly into a travel-excluded area?
Found a ruby potion and a ring of flight.
Really fly into a travel-excluded area?
Really fly into that cloud of flame?
You are engulfed in blazing flames.
Ouch! That really hurt!
You are engulfed in blazing flames.
Ouch! That really hurt!
You die...

.....####.........#
.....'.))).....####
.....####...#..# #
....######.###.# §#
........##.###.# ☼°#
..).P.♣.♣P.....#####...#
+...♣♣♣ ♣♣.P....☼§§.:$..
.♣P♣♣ ♣♣♣....○§§.$.!.
.#..♣♣♣♣♣♣PPPP#.@°○.?$=.
.##.♣PPP.P...#######...#
.....P......# .§#
...#...#..#. ○
.♣♣......##. ..♣#...#.#
P.♣##...... ..P# ###.###
♣.♣# .#


There were no monsters in sight!

Vanquished Creatures
  Crazy Yiuf (D:2)
  3 gnolls (D:3)
  7 adders
  2 dart slugs (D:2)
  An orc (D:3)
  6 ball pythons
  5 endoplasms
  3 giant cockroaches
  9 goblins
  2 hobgoblins
  A kobold (D:3)
  2 quokkas (D:1)
  9 bats
  3 frilled lizards
  4 rats
58 creatures vanquished.

Vanquished Creatures (others)
  2 jackals (D:3)
  A rat (D:3)
  5 plants (D:3)
8 creatures vanquished.

Grand Total: 66 creatures vanquished

Notes
Turn   | Place    | Note
-------+----------+-------------------------------------------
     0 | D:1      | mcbry74 the Troll Gladiator began the quest for the Orb.
     0 | D:1      | Reached XP level 1. HP: 19/19 MP: 0/0
    55 | D:1      | Reached XP level 2. HP: 27/27 MP: 1/1
   258 | D:1      | Found Picapem's Distillery.
   443 | D:1      | Reached skill level 4 in Unarmed Combat
   572 | D:1      | Found a faded altar of an unknown god.
   591 | D:1      | Became a worshipper of Sif Muna the Loreminder
   591 | D:1      | Reached * piety under Sif Muna
   596 | D:1      | Reached XP level 3. HP: 33/33 MP: 2/2
   713 | D:2      | Found Leutil's Jewellery Shoppe.
   761 | D:2      | Found Nyneanup's Weapon Boutique.
   820 | D:2      | Reached XP level 4. HP: 41/41 MP: 3/3
   843 | D:2      | Reached skill level 5 in Unarmed Combat
   993 | D:2      | Reached ** piety under Sif Muna
  1133 | D:2      | Found a runed translucent door.
  1134 | D:2      | Noticed Crazy Yiuf
  1141 | D:2      | Killed Crazy Yiuf
  1142 | D:2      | Reached XP level 5. HP: 48/48 MP: 4/4
  1275 | D:3      | Found a sparkling altar of Nemelex Xobeh.
  1513 | D:3      | Reached skill level 6 in Unarmed Combat
  1560 | D:3      | Engulfed by a cloud of flame

Illustrated notes

Levels and vault maps discovered:
D:1:      erik_arrival_cave_to_civilisation [erik_arrival_cave_to_hall],
          layout_rooms, serial_shops, shop, shapermc_ecumenical_altar_gd,
          minivault_14
D:2:      layout_rooms, serial_rivers, chequers_serial_rivers_micro_a,
          chequers_serial_rivers_room_b, chequers_serial_rivers_small_3,
          chequers_serial_rivers_small_b, chequers_serial_rivers_micro_c,
          chequers_serial_rivers_marsh, serial_shops, shop, shop,
          uniq_crazy_yiuf_cottage
D:3:      layout_loops_corners, mainiacjoe_overflow_surrounded_room,
          serial_forest, infiniplex_forest_straight_2, infiniplex_forest_end_2,
          infiniplex_forest_end_3, infiniplex_forest_clump_long,
          infiniplex_forest_clump_curved, infiniplex_forest_corner_1,
          infiniplex_forest_clump_long, infiniplex_forest_end_3,
          infiniplex_forest_corner_1, lemuel_flame_loot_1

Skill      XL: |  1  2  3  4  5 |
---------------+----------------+-----
Unarmed Combat | 4 5 6 |  6.1
Fighting       | |  1.5
Throwing       | |  1.7
Dodging        | |  2.4

Action                   |  1- 3 |  4- 6 || total
-------------------------+-------+-------++-------
Melee: Unarmed           |    94 |    59 ||   153
       Punch             |     1 |       ||     1
 Stab: Sleeping          |     1 |       ||     1
Armor: Robe              |    54 |    17 ||    71
Dodge: Dodged            |    56 |    34 ||    90
